 Dungeon Crawl Stone Soup version 0.28-a0-863-g8cecda6153 (webtiles) character file.

Game seed: 11058265383052973260

11966 sanka the Grappler (level 11, -19/81 (86) HPs)
             Began as a Palentonga Transmuter on Nov 19, 2021.
             Was a High Priest of Okawaru.
             Killed from afar by Josephine (33 damage)
             ... with a ghostly fireball
             ... on level 13 of the Dungeon.
             The game lasted 00:37:00 (18483 turns).

sanka the Grappler (Palentonga Transmuter)         Turns: 18483, Time: 00:37:01

HP:   -19/81 (86)   AC:  2    Str: 14    XL:     11   Next: 56%
MP:   17/20         EV: 27    Int: 22    God:    Okawaru [*****.]
Gold: 820           SH:  0    Dex: 16    Spells: 1/22 levels left

rFire   . . .      SeeInvis +     - Unarmed
rCold   . . .      Faith    +   (shield currently unavailable)
rNeg    . . .      Spirit   .   (armour currently unavailable)
rPois   x          Reflect  .   (helmet currently unavailable)
rElec   .          Harm     .   (cloak currently unavailable)
rCorr   .          Rampage  .   (gloves currently unavailable)
Will    +....                   (no barding)
Stlth   +++.......              e - amulet of faith
HPRegen 0.23/turn               m - ring of willpower
MPRegen 0.17/turn               E - +6 ring of intelligence

@: spider-form, heroic, wereblooded, slowed, drained, very slow
A: venomous fangs, tiny, rugged brown scales 3, see invisible, (deformed body),
(roll 1), (armoured tail), (reflexive curl)
a: End Transformation, Renounce Religion, Heroism, Finesse, Duel


You were on level 13 of the Dungeon.
You worshipped Okawaru.
Okawaru was extremely pleased with you.
You were a venomous arachnid creature.
You visited 2 branches of the dungeon, and saw 14 of its levels.
You also visited: Bailey.

You collected 980 gold pieces.
You spent 160 gold pieces at shops.


Innate Abilities, Weirdness & Mutations

You are a venomous arachnid creature.
You have poisonous fangs.
You are tiny and dextrous.
Your spellcasting is less reliable in this form.
Your armour is entirely melded.
You are incapable of wielding weapons or throwing items.
(You are completely covered in rugged brown scales. (AC +3, +7% HP))
You have supernaturally acute eyesight. (SInv)
((Armour fits poorly on your strangely shaped body.))
((You can roll at nearby foes to attack.))
((You have a long armoured tail.))
((You curl defensively after being hit. (AC +7*)))


   Skills:
 - Level 6.0(11.0) Fighting
 - Level 6.0(11.0) Dodging
 - Level 10.0(15.0) Unarmed Combat
 - Level 6.0 Spellcasting
 + Level 9.4 Transmutations
 - Level 2.0 Ice Magic
 - Level 2.0 Poison Magic
 + Level 6.8 Invocations


You had one spell level left.
You knew the following spells:

 Your Spells              Type           Power      Damage    Failure   Level
c - Ice Form              Ice/Tmut       31%        N/A       22%         4
v - Blade Hands           Tmut           24%        N/A       16%         5
x - Spider Form           Tmut/Pois      31%        N/A       10%         3
y - Wereblood             Tmut           48%        N/A       2%          2
z - Beastly Appendage     Tmut           96%        N/A       2%          1
X - Statue Form           Tmut/Erth      18%        N/A       97%         6

Your spell library contained the following spells:

 Spells                   Type           Power      Damage    Failure   Level
 Magic Dart               Conj           24%        1d4       22%         1
 Poisonous Vapours        Pois/Air       22%        N/A       22%         2
 Frozen Ramparts          Ice            30%        1d5       28%         3
 Petrify                  Tmut/Erth      27%        N/A       30%         4
 Corpse Rot               Necr/Air       12%        N/A       32%         2
 Sublimation of Blood     Necr           6%         N/A       32%         2
 Mephitic Cloud           Conj/Pois/Air  9%         N/A       43%         3
 Leda's Liquefaction      Hex/Erth       3%         N/A       83%         4
 Lee's Rapid Deconstruct  Erth           3%         3d6*      98%         5
 Call Imp                 Summ           Unusable   N/A       N/A         2
 Summon Ice Beast         Ice/Summ       Unusable   N/A       N/A         4
 Summon Hydra             Summ           Unusable   N/A       N/A         7

Inventory:

Missiles
 F - 6 curare-tipped darts {=f}
 L - 2 throwing nets {=f}
Armour
 k - a +0 pair of gloves (melded)
 s - a +4 barding (melded)
 y - a +2 cloak of preservation (melded)
 B - a +0 helmet (melded)
 Q - a +2 troll leather armour (melded)
Jewellery
 c - a ring of protection from fire
 e - an amulet of faith (around neck)
 m - a ring of willpower (left front leg)
 o - an amulet of guardian spirit
 z - an amulet of the acrobat
 E - a +6 ring of intelligence (right front leg)
Wands
 i - a wand of paralysis (23)
 p - a wand of mindburst (15)
 v - a wand of polymorph (6)
 w - a wand of iceblast (11)
 G - a wand of digging (6)
Scrolls
 h - 2 scrolls of vulnerability {!r}
 j - a scroll of teleportation {@r4}
 n - 2 scrolls of fog
 q - 2 scrolls of blinking
 A - 4 scrolls of enchant weapon
 C - a scroll of fear {unknown}
 H - a scroll of acquirement
 M - a scroll of amnesia {unknown}
 O - a scroll of immolation {unknown}
 P - a scroll of magic mapping
Potions
 a - a potion of resistance {unknown}
 b - 3 potions of invisibility
 d - a potion of degeneration {!q}
 f - 2 potions of flight
 g - 5 potions of heal wounds {@q2}
 l - 2 potions of curing {unknown}
 r - a potion of haste {@q3}
 t - a potion of attraction {unknown}
 u - a potion of lignification {unknown}
 x - a potion of brilliance {unknown}
 D - 2 potions of mutation {unknown}
 I - 2 potions of might
 J - a potion of magic {unknown}

Dungeon Overview and Level Annotations

Branches:
Dungeon (14/15)            Temple (1/1) D:7            Lair (0/6) D:10
 Bailey (visited)
    Orc: D:9-12      Vaults: D:13-14

Altars:
Cheibriados
Dithmenos
Elyvilon
Gozag
Kikubaaqudgha
Makhleb
Okawaru
Qazlal
Ru
Sif Muna
Trog
Uskayaw
Vehumet
Xom
Zin
The Shining One

Shops:
D:1 (   D:7 *   D:10 (

Annotations:
D:3 1 runed translucent door, sanka's ghost, amateur PaAK
D:13 Josephine

▒.▒▒▒▒▒▒.▒▒.▒.▒▒.▒ .▒
▒.▒.▒▒▒.▒.▒ .▒
▒.▒▒.▒.▒▒.▒ ▒+▒▒
▒.........▒ ...▒▒
▒▒▒▒▒.▒▒▒▒▒ ....▒▒ ▒▒.▒
.....▒▒ ▒▒..▒
......▒▒▒▒...▒▒▒▒▒▒▒▒.▒.
.....('.........s@WW....
▒▒....▒▒▒▒...▒▒▒▒▒▒▒▒.▒▒
▒...▒▒ ▒▒..▒▒ ▒..▒▒
▒▒...▒▒ ▒.▒▒ ▒▒.▒▒▒.▒▒
...▒ ▒▒.▒...▒.▒▒ ▒.▒
▒.▒.▒▒▒.▒.▒ ▒. ▒.▒.▒
▒.▒.▒ ▒.▒>▒▒▒.▒.▒


You could see Josephine (extremely poisoned) and 2 wraiths.


Message History

The white ugly thing is heavily wounded.
The white ugly thing pecks you. The white ugly thing freezes you!!
* * * LOW HITPOINT WARNING * * *
Unknown command.
You bite the white ugly thing!
The white ugly thing is severely wounded.
The white ugly thing completely misses you.
Unknown command.
You maul the white ugly thing!!
You kill the white ugly thing!
Okawaru accepts your kill.
You hit Josephine.
Josephine is poisoned.
Josephine is lightly wounded.
Josephine grins malevolently.
Josephine hits you with a +2 dagger of protection.
* * * LOW HITPOINT WARNING * * *
You bite Josephine!
Josephine looks as sick as possible!
Josephine is lightly wounded.
Josephine completely misses you.
You hit Josephine.
Josephine looks as sick as possible!
Josephine is moderately wounded.
Josephine gestures at you while chanting.
The ghostly flame explodes!
The ghostly fireball engulfs you!!
You feel drained.
You die...

Action                   |  1- 3 |  4- 6 |  7- 9 | 10-12 || total
-------------------------+-------+-------+-------+-------++-------
Melee: Unarmed           |    94 |   201 |   354 |   402 ||  1051
       Kick              |    13 |    20 |       |       ||    33
       Headbutt          |     9 |     9 |       |       ||    18
       Tailslap          |     8 |     4 |     5 |     3 ||    20
       Punch             |       |       |     1 |     1 ||     2
 Cast: Beastly Appendage |    20 |    23 |       |       ||    43
       Spider Form       |     1 |    11 |    53 |    42 ||   107
       Wereblood         |       |     3 |     3 |    15 ||    21
Invok: Heroism           |       |       |     4 |    14 ||    18
 Abil: End Transformatio |       |       |     1 |     1 ||     2
Evoke: Wand              |       |       |     2 |     1 ||     3
  Use: Potion            |       |     1 |       |     4 ||     5
       Scroll            |       |       |    10 |     5 ||    15
 Stab: Paralysed         |       |     1 |       |       ||     1
       Distracted        |       |       |     1 |       ||     1
       Sleeping          |       |       |     1 |       ||     1
       Invisible         |       |       |       |     9 ||     9
Armor: Robe              |    22 |    30 |    15 |    19 ||    86
       Skin              |       |     9 |    16 |    19 ||    44
       Troll leather arm |       |       |       |     3 ||     3
Dodge: Dodged            |    37 |   140 |   302 |   542 ||  1021

Levels and vault maps discovered:
D:1:      dpeg_arrival_rooms_with_view, layout_loops_corners, serial_shops,
          nicolae_shop_hallway_plus
D:2:      layout_basic, basic_altar, shapermc_ecumenical_altar_venn,
          nicolae_underground_beach, uniq_terence
D:3:      layout_rooms, nicolae_ru_great_annihilating_truth,
          hellmonk_ghost_happy_afterlife
D:4:      minmay_evil_eye, layout_rooms, hangedman_decor_slide_cut, st_stairs_3
D:5:      layout_basic, uniq_blork_the_orc
D:6:      layout_basic, uniq_crazy_yiuf_cottage
D:7:      layout_cave_pools, minmay_temple_entry_large_hall, serial_shops,
          nicolae_take_the_stairs, serial_undead, serial_undead_e,
          serial_undead_a, serial_undead_d, serial_undead_f, serial_undead_f,
          serial_undead_c, kb_lookout_dungeons_type, kennysheep_generic_room_2
D:8:      layout_loops_ring, gammafunk_temple_overflow_statue
D:9:      layout_loops_ring, enter_bailey_3, special_room [special_room_orc]
D:10:     wad_woods_minihive, layout_cave_pods, cheibrodos_worm_habitat,
          lair_entry_dummy, serial_park, serial_park_tiny_1, serial_park_paths
          [serial_park_minivault_5x5_8], serial_park_tiny_pond, serial_shops,
          shop, uniq_maggie
D:11:     minmay_the_grid_triangle_9x9_rhombus_thin
          [minmay_the_grid_triangle_9x9_from_above,
          minmay_the_grid_triangle_9x9_prize_top_heavy,
          minmay_the_grid_triangle_9x9_skeleton,
          minmay_the_grid_triangle_9x9_sprig], layout_basic, david_orc_4,
          serial_shops, nicolae_shop_waterfront, minivault_1
D:13:     layout_loops_corners, serial_aquarium, aquarium_bridge_square
          [aquarium_subvault_bridge, aquarium_subvault_window,
          aquarium_subvault_wall, aquarium_subvault_balcony], aquarium_window_1,
          aquarium_window_1, aquarium_window_fake, aquarium_view_2d,
          aquarium_view_2b, aquarium_pool_1, uniq_josephine
D:14:     layout_roguey, erik_vaults_1, serial_glass, glass_columns_b,
          glass_columns_b, chequers_serial_rivers_micro_c
Temple:   eino_narrow_crystal_temple

Notes
Turn   | Place    | Note
-------+----------+-------------------------------------------
     0 | D:1      | sanka the Palentonga Transmuter began the quest for the
                  | Orb.
     0 | D:1      | Reached XP level 1. HP: 16/16 MP: 3/3
   297 | D:1      | Reached XP level 2. HP: 20/22 MP: 3/5
   418 | D:1      | Learned a level 2 spell: Wereblood
  1001 | D:1      | Reached XP level 3. HP: 21/27 MP: 4/6
  1078 | D:1      | Found Ithimosch's Weapon Emporium.
  1602 | D:2      | Reached skill level 2 in Dodging
  1614 | D:2      | Learned a level 3 spell: Spider Form
  1690 | D:2      | Found a faded altar of an unknown god.
  1792 | D:2      | Found a hide-covered altar of Uskayaw.
  1795 | D:2      | Noticed Terence
  1802 | D:2      | Killed Terence
  1803 | D:2      | Reached skill level 1 in Poison Magic
  1803 | D:2      | Reached XP level 4. HP: 15/35 MP: 2/7
  2129 | D:3      | Found a sacrificial altar of Ru.
  2147 | D:3      | Reached skill level 3 in Transmutations
  2313 | D:3      | Reached skill level 2 in Poison Magic
  2647 | D:3      | Reached XP level 5. HP: 22/40 MP: 3/8
  3466 | D:3      | Reached skill level 4 in Transmutations
  3863 | D:3      | Found a runed translucent door.
  3864 | D:3      | Noticed sanka's ghost (amateur PaAK)
  4749 | D:4      | Reached skill level 5 in Transmutations
  4837 | D:4      | Reached XP level 6. HP: 47/47 MP: 4/9
  5203 | D:5      | Entered Level 5 of the Dungeon
  5210 | D:5      | Reached skill level 2 in Fighting
  5607 | D:5      | Reached skill level 4 in Unarmed Combat
  5650 | D:5      | Gained mutation: You curl defensively after being hit. (AC
                  | +7*) [Palentonga growth]
  5650 | D:5      | Reached XP level 7. HP: 49/54 MP: 6/10
  5979 | D:5      | Noticed Blork the orc
  5995 | D:5      | Killed Blork the orc
  6776 | D:6      | Reached skill level 3 in Fighting
  6776 | D:6      | Reached skill level 5 in Unarmed Combat
  6918 | D:6      | Reached skill level 3 in Dodging
  6918 | D:6      | Reached skill level 6 in Transmutations
  7292 | D:6      | Reached XP level 8. HP: 55/62 MP: 11/11
  7369 | D:6      | Found a runed translucent door.
  7370 | D:6      | Noticed Crazy Yiuf
  7401 | D:6      | Identified +0 ice dragon scales
  7634 | D:6      | Killed Crazy Yiuf
  7675 | D:7      | Noticed a manticore
  8099 | D:7      | Reached skill level 6 in Unarmed Combat
  8375 | D:6      | Reached skill level 4 in Fighting
  9129 | D:7      | Reached skill level 4 in Dodging
  9202 | D:7      | Reached skill level 7 in Unarmed Combat
  9733 | D:7      | Found a staircase to the Ecumenical Temple.
  9742 | Temple   | Entered the Ecumenical Temple
  9792 | Temple   | Became a worshipper of Warmaster Okawaru
  9935 | D:7      | Reached skill level 5 in Fighting
  9935 | D:7      | Reached XP level 9. HP: 43/72 MP: 12/12
 10696 | D:7      | Killed a manticore
 10696 | D:7      | Reached * piety under Okawaru
 10697 | D:7      | Reached skill level 8 in Unarmed Combat
 10919 | D:7      | Found Leckia Jemnu's Assorted Antiques.
 11369 | D:7      | Reached skill level 5 in Dodging
 11369 | D:7      | Reached skill level 1 in Invocations
 12450 | D:8      | Reached skill level 9 in Unarmed Combat
 12450 | D:8      | Reached skill level 2 in Invocations
 12536 | D:8      | Reached ** piety under Okawaru
 12537 | D:8      | Reached skill level 6 in Fighting
 12598 | D:8      | Reached skill level 3 in Invocations
 12850 | D:8      | Found a glowing golden altar of the Shining One.
 12850 | D:8      | Found a burning altar of Makhleb.
 13313 | D:7      | Bought a potion of heal wounds for 160 gold pieces
 13363 | D:9      | Reached XP level 10. HP: 26/75 MP: 8/13
 13919 | D:9      | Found a flagged portal.
 13930 | Bailey   | Entered a bailey
 14706 | Bailey   | Noticed an orc knight
 14731 | Bailey   | Reached skill level 4 in Invocations
 14735 | Bailey   | Reached skill level 10 in Unarmed Combat
 14736 | Bailey   | Reached skill level 6 in Dodging
 14741 | Bailey   | Killed an orc knight
 14741 | Bailey   | Reached *** piety under Okawaru
 14742 | Bailey   | Reached skill level 1 in Ice Magic
 14754 | Bailey   | Noticed an orc knight
 14764 | Bailey   | Killed an orc knight
 14764 | Bailey   | Reached **** piety under Okawaru
 14765 | Bailey   | Reached skill level 3 in Spellcasting
 14765 | Bailey   | Reached skill level 2 in Ice Magic
 14978 | D:9      | Identified +0 steam dragon scales
 15043 | D:9      | Learned a level 4 spell: Ice Form
 15050 | D:9      | Learned a level 6 spell: Statue Form
 15069 | D:9      | Reached skill level 7 in Transmutations
 15197 | D:9      | Reached skill level 4 in Spellcasting
 15935 | D:9      | Identified the +1 robe of the Morning {Str+7}
 15947 | D:9      | Identified the +2 ring mail of Neceme {rC+}
 16462 | D:10     | Entered Level 10 of the Dungeon
 16636 | D:10     | Reached skill level 5 in Spellcasting
 16642 | D:10     | Reached skill level 8 in Transmutations
 16642 | D:10     | Reached XP level 11. HP: 45/86 MP: 12/18
 16665 | D:10     | Reached ***** piety under Okawaru
 17029 | D:10     | Found a snail-covered altar of Cheibriados.
 17145 | D:10     | Found Menoasary's Weapon Emporium.
 17305 | D:10     | Reached skill level 5 in Invocations
 17616 | D:10     | Identified +0 steam dragon scales
 17616 | D:10     | Noticed Maggie
 17627 | D:10     | Killed Maggie
 17627 | D:10     | Received a gift from Okawaru
 17856 | D:10     | Found a staircase to the Lair.
 18059 | D:11     | Noticed a sixfirhy
 18070 | D:11     | Reached skill level 6 in Spellcasting
 18071 | D:11     | Reached skill level 6 in Invocations
 18111 | D:11     | Identified 2 scrolls of acquirement
 18112 | D:11     | Acquired Raepp's Compendium of Stones and Transmutation
 18120 | D:11     | Learned a level 5 spell: Blade Hands
 18205 | D:13     | Reached skill level 9 in Transmutations
 18464 | D:13     | Noticed a white ugly thing
 18466 | D:13     | Noticed Josephine
 18480 | D:13     | Killed a white ugly thing
 18483 | D:13     | Killed from afar by Josephine

Vanquished Creatures
  2 orc knights (Bailey)
  An ugly thing (D:13)
  A manticore (D:7)
  A cyclops (D:13)
  Maggie (D:10)
  3 kobold demonologists (D:11)
  2 trolls
  A hornet (D:8)
  2 wraiths (D:13)
  2 steam dragons (D:9)
  2 acid dragons (D:9)
  A water moccasin (D:8)
  A hornet zombie (D:7)
  12 orc warriors
  3 necrophages
  7 centaurs
  2 ogres
  A phantom (D:5)
  2 kobold brigands
  Blork the orc (D:5)
  A bullfrog (D:7)
  2 wyvern zombies (D:7)
  2 scorpions (D:5)
  A gnoll sergeant (D:9)
  A wyvern skeleton (D:6)
  A water moccasin skeleton (D:4)
  45 killer bees
  14 wights
  3 electric eels (D:7)
  5 howler monkeys
  5 centaur zombies
  A bullfrog zombie (D:7)
  4 hounds
  3 orc priests
  4 jellies
  Crazy Yiuf (D:6)
  A centaur skeleton (D:5)
  4 orc wizards
  Terence (D:2)
  2 iguanas
  A killer bee zombie (D:7)
  A hound zombie (D:5)
  A hound skeleton (D:4)
  5 mummies
  9 gnolls
  9 adders
  A shadow imp (D:5)
  2 white imps
  An ufetubus (D:3)
  A worm (D:10)
  65 orcs
  7 ball pythons
  4 bats
  7 endoplasms
  4 giant cockroaches
  11 goblins
  9 hobgoblins
  18 kobolds
  A quokka (D:1)
  2 frilled lizards
  9 rats
  A bush (D:7)
318 creatures vanquished.

Vanquished Creatures (others)
  A goblin (D:9)
  6 withered plants (D:7)
7 creatures vanquished.

Grand Total: 325 creatures vanquished
